[Event "CCT Airthings Masters Play-In 2023"]
[Site "Online"]
[Date "2023.02.03"]
[Round "5"]
[White "Nakamura, Hikaru"]
[Black "LastGladiator1"]
[Result "1-0"]
[ECO "D00"]
[WhiteElo "2768"]
[BlackElo "2606"]
[Annotator "TA"]
[PlyCount "105"]
[EventDate "2023.02.03"]
[EventType "swiss"]
[EventCountry "NET"]
[SourceTitle "playchess.com"]
[Source "ChessBase"]
[SourceQuality "1"]
[TimeControl "600+2"]

1. d4 Nf6 2. Bg5 d5 3. e3 c5 4. Nd2 Nc6 5. c3 Qb6 6. Qb3 {[%emt 0:00:15] D00: 1 d4 d5: Unusual lines.} c4 (6... Bf5 $11) 7. Qc2 $14 g6 8. Bxf6 {[%emt 0:00:06] White is slightly better.} exf6 9. e4 {[%emt 0:00:01] [#]} Na5 $146 (9... Bh6 $5 ) ({Predecessor:} 9... dxe4 10. Nxc4 Qd8 11. Qxe4+ Be7 12. Bd3 O-O 13. Ne2 Be6 14. Ne3 f5 15. Qf3 Ne5 16. dxe5 Qxd3 {1-0 Adebayo,A (2313)-Temesgen,A (2072) Olympiad-44 Chennai 2022 (10.3)}) 10. Be2 Bh6 11. Bf3 O-O {[%emt 0:00:04] [#] White must now prevent ...Re8.} 12. Ne2 (12. exd5 $5 Bf5 13. Ne4 $14) 12... Re8 13. Rd1 ({Better is} 13. exd5 $14 Qd8 14. O-O) 13... Bxd2+ ({Black should try} 13... dxe4 $15 14. Nxe4 Bd7) 14. Rxd2 $11 dxe4 15. Bxe4 f5 16. Bf3 f4 (16... Bd7 $14) 17. O-O $16 Bf5 18. Qa4 (18. Qd1 $5 ) 18... g5 19. b4 (19. d5 $14) 19... Nc6 $1 $11 20. Nc1 (20. b5 $5 Na5 21. h3 $11) 20... a6 21. Qd1 a5 22. b5 Qxb5 23. a4 Qb6 24. Bd5 Ne7 25. Bxc4 Rec8 26. Qe2 Ng6 (26... Qf6 $5 ) 27. Bd3 Qf6 28. Rc2 Re8 29. Qd1 Re7 ({Black should play} 29... Nh4 $15) 30. Bxf5 Qxf5 31. Rb2 Rae8 32. Rb5 Qf6 33. Nd3 Rc7 34. Re1 {[%emt 0:00:19] Dodges f3} Rxe1+ 35. Qxe1 b6 {[%emt 0:00:02] Inhibits Nc5.} 36. Ne5 {[%emt 0:00:37] Against Qc6} Nxe5 37. Rxe5 {[%emt 0:00:00][%mdl 4096] Endgame KQR-KQR} h6 38. h3 Kg7 39. Rb5 Qc6 (39... Rc4 $5 ) 40. Rb3 f6 41. h4 f3 (41... gxh4 {simplifies} 42. f3 h3 43. Qe4 hxg2 44. Kxg2 Qxa4 45. Rxb6 Qa2+) 42. h5 {[%emt 0:00:09] Strongly threatening Qb1.} fxg2 (42... Qxa4 43. Rxb6 Qd7 44. gxf3 $16 (44. Qe4 Qf7 $14)) 43. Qb1 (43. Qe2 $11) 43... f5 $2 (43... Qxa4 $2 44. Qg6+ (44. Rxb6 Qe8 $11) 44... Kf8 45. Qxf6+ Rf7 46. Qxb6 $18) (43... Qe8 $15 {stays ahead.} 44. Kxg2 Qxh5) 44. Qxf5 (44. Rxb6 $16 Qc4 45. Rg6+ (45. Qxf5 $2 Qf1+ 46. Kh2 g1=Q#) (45. Kxg2 Qd5+ 46. f3 Rxc3 $11) 45... Kh7 46. Rf6 (46. Qxf5 $2 Qf1+ 47. Kh2 g1=Q#) 46... Qf1+ 47. Qxf1 gxf1=N 48. Kxf1) 44... Re7 (44... Qxa4 45. Rxb6 Qd7 46. Rg6+ Kh7 47. Rxh6+ Kg8 48. Qxg5+ Qg7 49. Qd8+ (49. Qxg2 Qxg2+ 50. Kxg2 Rxc3 $16) 49... Qf8 50. Rh8+ Kxh8 51. Qxf8+) (44... Rf7 $11 45. d5 Qc4 46. Qg6+ Kh8 47. Qxh6+ (47. Qxb6 $2 Qf1+ 48. Kh2 g1=Q#) 47... Kg8 48. Qg6+ (48. Qxb6 $2 Qf1+ 49. Kh2 g1=Q#) (48. Qxg5+ $2 Rg7 $19) 48... Kh8 49. Qh6+ (49. Qxb6 $2 Qf1+ 50. Kh2 g1=Q#) 49... Kg8 50. Qg6+ (50. Qxb6 $2 Qf1+ 51. Kh2 g1=Q#) (50. Qxg5+ $2 Rg7 $19) 50... Kh8 51. Qh6+ (51. Qxb6 $2 Qf1+ 52. Kh2 g1=Q#)) 45. Rb1 $1 $14 {[%emt 0:00:02] aiming for d5. Dancing on a razor blade.} (45. d5 $6 Qd6 $16) 45... Rf7 $1 (45... Qxa4 46. Rxb6 Qd1+ 47. Kxg2 Qxh5 48. Qf6+ (48. Qxa5 $2 Qg4+ 49. Kh2 Qh4+ 50. Kg2 g4 $19) 48... Kg8 49. Qxe7 $18) 46. Qe5+ Kh7 $2 {[%emt 0:00:01] Loses the game.} (46... Rf6 $1 $14) 47. d5 $18 Qc5 48. Rb2 (48. Kxg2 $2 {loses.} Qxf2+ 49. Kh1 Qh4+ 50. Kg1 Qg4+ 51. Kh1 Qxh5+ 52. Kg1 Qg4+ 53. Kh1 Qf3+ 54. Kh2 Qf2+ 55. Kh1 Qh4+ 56. Kg2 Qg4+ 57. Kh1 Qh4+ 58. Kg2 Qg4+ 59. Kh1 $19) 48... Qc4 {[%emt 0:00:08] [#] ( -> ...Qf1+)} 49. Re2 {[%emt 0:00:28] Threatens to win with Qe6.} Qh4 50. Qe4+ (50. Kxg2 Qg4+ 51. Kf1 Qxh5 52. Qe4+ Qg6 $11) 50... Qxe4 $2 (50... Kh8 {is tougher.} 51. Qxh4 (51. Qxg2 Qxa4 52. Re1 Kg8 $11) 51... gxh4 52. Kxg2 Kg7) 51. Rxe4 Rf3 (51... Kg7 $142 52. Kxg2 Rc7) 52. d6 {[%emt 0:00:07] Threatening mate with d7.} ({Less strong is} 52. Kxg2 Rd3 53. c4 Kg7 $18) 52... Kg7 53. d7 {[%emt 0:00:02] Artfully played by Nakamura.   Weighted Error Value: White=0.18 (very precise) /Black=0.40} 1-0

[Event "CCT Airthings Masters Play-In 2023"]
[Site "Online"]
[Date "2023.02.03"]
[Round "5"]
[White "Radjabov, Teimour"]
[Black "Blomqvist, Erik"]
[Result "1/2-1/2"]
[ECO "D24"]
[WhiteElo "2747"]
[BlackElo "2510"]
[Annotator "TA"]
[PlyCount "110"]
[EventDate "2023.02.03"]
[EventType "swiss"]
[EventCountry "NET"]
[SourceTitle "playchess.com"]
[Source "ChessBase"]
[SourceQuality "1"]
[TimeControl "600+2"]

1. Nf3 d5 2. d4 Nf6 3. c4 dxc4 4. Nc3 a6 5. a4 e6 6. e4 Bb4 {[%emt 0:00:25] D24: Queen's Gambit Accepted: 3 Nf3 Nf6 4 Nc3.} 7. e5 Nd5 8. Bd2 {[%emt 0:00:02] [#]} b5 $1 9. axb5 Nb6 10. bxa6 Nxa6 11. Be2 Bb7 12. O-O O-O {[%emt 0:00:02] [#]} 13. Qc2 $146 ({Predecessor:} 13. Na4 c5 14. dxc5 Bxc5 15. Nxc5 Nxc5 16. Be3 Nd3 17. Rxa8 Bxa8 18. b3 Bxf3 19. Bxf3 {½-½ Mamedyarov,S (2762)-Kasimdzhanov,R (2691) Amir Timur 680 rapid 2016 (2)}) 13... h6 14. Rfd1 Be7 15. Na4 Bd5 16. Nc3 (16. Qc3 $5 ) 16... Nb4 17. Rxa8 Qxa8 18. Qb1 Bb7 19. b3 cxb3 20. Qxb3 c5 21. dxc5 Bxc5 22. Be1 (22. Be3 $11 Qa5 23. Bxc5 Qxc5 24. Rb1 Bxf3 25. Bxf3 (25. Qxb4 Qxb4 26. Rxb4 Bxe2 $11)) 22... N4d5 23. Nxd5 Nxd5 24. Rb1 Bc6 25. Qc4 {[%emt 0:00:30] Dodges Nf4} Bb6 26. Kf1 Rc8 27. Qa6 $1 Qxa6 28. Bxa6 Ra8 29. Bb5 Bxb5+ 30. Rxb5 Ra2 31. h4 Kh7 32. h5 g6 33. hxg6+ Kxg6 34. Bd2 Kf5 35. Rb3 h5 36. Be1 Ra1 37. g3 Ba5 38. Ke2 (38. Rb7 $11) 38... Bxe1 $15 39. Nxe1 Kxe5 {[%emt 0:00:00][%mdl 4096] Endgame KRN-KRN} 40. Nf3+ Kf5 41. Nd4+ Ke4 42. Nf3 Ra2+ 43. Kf1 f6 {[%emt 0:00:04] Dodges Ng5+} ({Black should try} 43... Kf5 $15) 44. Kg2 e5 45. Nh4 f5 46. Nf3 f4 {[%emt 0:00:02] [#] Hoping for ...Ne3+.} 47. gxf4 Kxf4 ({And not} 47... exf4 48. Ng5+ Kf5 49. Nf7 $17) 48. Ng1 Kf5 {[%emt 0:00:03] ...Nf4+ would be deadly.} (48... e4 $5 49. Kf1 h4 $17) 49. Nh3 Nf4+ (49... Ra4 $15) 50. Nxf4 $11 {[%emt 0:00:01] The position is equal.} Kxf4 {[%emt 0:00:00] KR-KR} 51. Rf3+ Kg4 52. Rg3+ Kf5 53. Rf3+ Kg4 54. Rg3+ Kf4 55. Rf3+ Kg4 {[%emt 0:00:02] Weighted Error Value: White=0.10 (very precise) /Black=0.09 (flawless)} 1/2-1/2

[Event "CCT Airthings Masters Play-In 2023"]
[Site "Online"]
[Date "2023.02.03"]
[Round "5"]
[White "Grischuk, Alexander"]
[Black "K_A_S_T_O_R"]
[Result "1/2-1/2"]
[ECO "A46"]
[WhiteElo "2745"]
[BlackElo "2635"]
[Annotator "TA"]
[PlyCount "52"]
[EventDate "2023.02.03"]
[EventType "swiss"]
[EventCountry "NET"]
[SourceTitle "playchess.com"]
[Source "ChessBase"]
[SourceQuality "1"]
[TimeControl "600+2"]

1. d4 Nf6 2. Nf3 e6 3. Bg5 h6 4. Bxf6 Qxf6 5. e4 d6 6. Nbd2 e5 {[%emt 0:00:15] A46: 1 d4 Nf6 2 Nf3 e6: Torre, London and Colle Systems.} 7. c3 Nd7 8. Nc4 g6 9. Ne3 Bg7 {[%emt 0:00:05] [#]} 10. h4 $146 ({Predecessor:} 10. Qd2 O-O 11. d5 Nc5 12. Bd3 a5 13. O-O a4 14. Qc2 Qe7 15. b4 axb3 16. axb3 Bd7 17. b4 Nxd3 18. Qxd3 Rfb8 19. Nd2 Qe8 20. Nb3 Rxa1 21. Rxa1 Ra8 {½-½ Muhren,B-Schol,J Haarlem AKN op 09th 2000 (5)}) 10... h5 11. Bd3 Nb6 12. a4 a5 13. Bb5+ Kf8 14. dxe5 dxe5 15. Nd5 (15. Nxe5 $14 c6 16. Bc4) 15... Nxd5 $11 16. Qxd5 c6 17. Qc5+ Qe7 18. Qxe7+ Kxe7 19. Bc4 f6 20. O-O-O Bg4 21. Rd3 Rhd8 22. Rhd1 Rxd3 23. Rxd3 Rd8 (23... Rf8 $15 24. Rd1 f5) 24. Rxd8 {[%emt 0:00:04] The position is equal.} Kxd8 25. Nh2 Ke7 26. Nxg4 hxg4 {[%emt 0:00:01] Weighted Error Value: White=0.13 (very precise) /Black=0.11 (very precise)} 1/2-1/2

[Event "CCT Airthings Masters Play-In 2023"]
[Site "Online"]
[Date "2023.02.03"]
[Round "5"]
[White "Dominguez Perez, Leinier"]
[Black "Perez Ponsa, Federico"]
[Result "1-0"]
[ECO "B90"]
[WhiteElo "2743"]
[BlackElo "2532"]
[Annotator "TA"]
[PlyCount "117"]
[EventDate "2023.02.03"]
[EventType "swiss"]
[EventCountry "NET"]
[SourceTitle "playchess.com"]
[Source "ChessBase"]
[SourceQuality "1"]
[TimeControl "600+2"]

1. e4 c5 2. Nf3 d6 3. d4 cxd4 4. Nxd4 Nf6 5. Nc3 a6 6. Be3 e5 7. Nb3 Be7 8. f3 Be6 9. Qd2 h5 10. Nd5 Nxd5 11. exd5 Bf5 {[%emt 0:00:01] B90: Sicilian Najdorf: Unusual White 6th moves, 6 Be3 Ng4 and 6 Be3 e5.} 12. Be2 Bh4+ 13. g3 Be7 {[%emt 0:00:01] White has an edge.} 14. O-O-O Nd7 15. Kb1 Rc8 16. Rc1 {[%emt 0:00:05] [#]} Nb6 $146 (16... Nf6 $11) ({Predecessor:} 16... b5 17. Rhd1 Qc7 18. f4 Bd8 19. h4 Qb7 20. a3 Bg6 21. Ka2 O-O 22. g4 hxg4 23. Bxg4 {½-½ Tauber,H (2501)-Novak,J (2488) ICCF GMN/A/04 email 2020}) 17. Na5 Qc7 18. Ka1 Bd8 19. c4 Nxd5 {[%emt 0:01:16][%mdl 64] Discovered Attack} 20. Qxd5 Qxa5 21. Qxb7 O-O 22. Rhd1 Bc7 23. Qd5 {[%emt 0:01:33] Threatens to win with Qxa5.} (23. Qc6 {feels hotter.} Rb8 24. Ba7 Qb4 25. Bxb8 Rxb8 26. b3) 23... Qa4 24. Qd2 Rfd8 {[%emt 0:00:53] And now ...Ba5 would win.} 25. Bd3 Be6 26. Bc2 Qa5 (26... Qxc4 $2 27. Bh7+ Kxh7 28. Rxc4 Bxc4 29. Qc2+ Kg8 30. Qxc4 $18) 27. Be4 Qxd2 28. Rxd2 Ba5 29. Rdc2 Rb8 30. Rd1 Kf8 31. b3 Bb4 32. Kb2 Ke7 33. Bd5 Bf5 (33... Bc5 $11 34. Bxc5 dxc5) 34. Re2 $16 {[%emt 0:00:09] White is more active.} f6 35. a3 Bc5 36. b4 a5 37. Bxc5 dxc5 38. b5 g5 ({Black should try} 38... a4) 39. Kc3 (39. Kb3 $142 $1) 39... Rd6 (39... a4 $16) 40. Red2 (40. Rdd2 $1 $18 {and White stays clearly on top.}) 40... Rbd8 ({Better is} 40... a4) 41. Kb3 g4 {[%emt 0:00:06] [#]} (41... Be6 $16) 42. f4 $1 $18 {[%emt 0:00:11] Hoping for fxe5.} exf4 43. gxf4 Kf8 44. Re1 {[%emt 0:00:03] Inhibits Be4.} R8d7 (44... Be6 $142 45. Kc3 (45. Rxe6 Rxe6 {[%mdl 64] Pin} 46. Ra2 Red6 $11) 45... Bd7) 45. Rde2 {[%emt 0:00:02] aiming for Re8+.} Kg7 $2 (45... Bg6 46. Ka4 Bf7) 46. Re7+ Kg6 47. Rxd7 Rxd7 {[%emt 0:00:06][%mdl 4096] Endgame KRB-KRB} 48. Ka4 Ra7 49. b6 Bd7+ 50. Kb3 Ra6 51. b7 Rb6+ 52. Kc3 a4 53. Re7 (53. Rb1 $142 Rxb7 54. Rxb7) 53... Rb3+ 54. Kd2 Bf5 {[%emt 0:00:07][%cal Oh5h4] [#]} 55. Re8 $1 h4 $2 (55... Rb2+ $18 56. Ke3 Rb3+ 57. Ke2 Rb2+ 58. Kf1 Rb1+ 59. Kf2 Rb2+ 60. Ke1 Rb1+ 61. Kf2 Rb2+ 62. Re2 Rb6) 56. b8=Q ({Inferior is} 56. b8=B Rb2+ 57. Ke1 Rb1+ 58. Kf2 Rb2+ 59. Ke3 (59. Kg1 Rb1+ 60. Kg2 Rb2+ 61. Kh1 Rb1+ 62. Kg2 Rb2+ 63. Kh1 Rb1+ 64. Kg2 $11) 59... Rb3+ 60. Kf2 Rb2+ 61. Kg1 Rb1+ 62. Kg2 Rb2+ 63. Kh1 Rb1+ 64. Kg2 Rb2+ 65. Kh1 Rb1+ 66. Kg2 $11) 56... Rxb8 57. Rxb8 g3 58. hxg3 hxg3 59. Ke3 {[%emt 0:00:01] Weighted Error Value: White=0.26 (precise) /Black=0.54} 1-0

[Event "CCT Airthings Masters Play-In 2023"]
[Site "Online"]
[Date "2023.02.03"]
[Round "5"]
[White "FabianoCaruana"]
[Black "Mitrabha, Guha"]
[Result "1-0"]
[ECO "D40"]
[WhiteElo "2738"]
[BlackElo "2510"]
[Annotator "TA"]
[PlyCount "39"]
[EventDate "2023.02.03"]
[EventType "swiss"]
[EventCountry "NET"]
[SourceTitle "playchess.com"]
[Source "ChessBase"]
[SourceQuality "1"]
[TimeControl "600+2"]

1. c4 {[%emt 0:00:03] Giri,Anish} c5 2. Nf3 Nf6 3. Nc3 Nc6 4. e3 e6 5. d4 d5 6. a3 dxc4 7. Bxc4 a6 {[%emt 0:00:13] D40: Queen's Gambit Declined: Semi-Tarrasch with 5 e3.} 8. Bd3 b5 {[%emt 0:00:08] [#]} 9. Ne4 $146 ({Predecessor:} 9. dxc5 Bxc5 10. b4 Be7 11. O-O Bb7 12. Bb2 O-O 13. Ne4 Nxe4 14. Bxe4 f5 15. Bb1 Qxd1 16. Rxd1 {1-0 Ding,L (2806)-Nakamura,H (2760) Candidates Tournament 2022 (14)}) 9... Nxe4 {[%emt 0:01:27] The position is equal.} (9... c4 $5 10. Nxf6+ gxf6 $11) 10. Bxe4 Bb7 11. O-O Qc7 ({Black should try} 11... c4 $11) 12. dxc5 $14 Bxc5 13. b4 (13. Bd2 $5 ) 13... Bd6 14. Bb2 $36 {[%emt 0:00:03][%mdl 2048] Rc1 would be deadly. White is pushing.} f5 (14... Rd8 $1 $11) 15. Bxc6+ Bxc6 (15... Qxc6 $16 16. Rc1 (16. Bxg7 $2 Rg8 $19) 16... Qd7) 16. Rc1 $18 {[%emt 0:00:01] Black must now prevent Nd4.} Qd7 {[%emt 0:01:27] [#]} 17. Ng5 $1 {[%emt 0:01:32][%cal Ob2g7] Strongly threatening Bxg7!} O-O {[%emt 0:00:48] [#]} (17... Bd5) 18. Rxc6 $1 Qxc6 (18... Bxh2+ 19. Kh1) 19. Qh5 h6 {[%emt 0:00:28] [#]} 20. Qg6 $1 {[%emt 0:00:01] Weighted Error Value: White=0.08 (flawless) /Black=0.69} 1-0

[Event "CCT Airthings Masters Play-In 2023"]
[Site "Online"]
[Date "2023.02.03"]
[Round "5"]
[White "Vidit, Santosh Gujrathi"]
[Black "kirillshevchenko"]
[Result "1-0"]
[ECO "E94"]
[WhiteElo "2730"]
[BlackElo "2545"]
[Annotator "TA"]
[PlyCount "43"]
[EventDate "2023.02.03"]
[EventType "swiss"]
[EventCountry "NET"]
[SourceTitle "playchess.com"]
[Source "ChessBase"]
[SourceQuality "1"]
[TimeControl "600+2"]

1. d4 Nf6 2. c4 g6 3. Nc3 Bg7 4. e4 d6 5. Nf3 O-O 6. Be2 e5 7. Be3 Na6 8. O-O Qe7 {[%emt 0:00:15][%cal Of6e4] 8...c6 is the recent fashion.} 9. Bg5 {[%emt 0:00:10][%cal Oc4c5] E94: King's Indian: Classical: 6 Be2 e5 7 0-0: Various Black 7th moves.} c6 {[%emt 0:01:50] [#]} (9... exd4 $11 {keeps the balance.} 10. Nd5 (10. Qxd4 Re8 $11) (10. Nxd4 Qe5 $11) 10... Qd8) 10. c5 $1 $16 exd4 (10... h6 $16) 11. cxd6 $18 {[%emt 0:00:08] White is clearly better.} ({Not} 11. Qxd4 Nxc5 12. Bc4 h6 $17) 11... Qe6 12. Qxd4 {[%emt 0:00:41] [#] Threatens to win with Bc4.} Ng4 $146 (12... Nd7 $142 13. Qd2 Nac5) ({Predecessor:} 12... Nd7 13. Qd2 Nac5 14. Be7 Re8 15. Ng5 Qe5 16. Rad1 Ne6 17. f4 Qc5+ 18. Kh1 Nxg5 19. fxg5 {1-0 Pravec,L (2302)-Rotter,W (2120) CZE-ch sf14 email 2004}) 13. Qd2 Nc5 {[%emt 0:00:07][%cal Og7c3] [#]} 14. Be7 $1 Re8 15. h3 Ne5 (15... Nh6 $142 16. Rfd1 Rxe7) 16. Nd4 Qd7 17. Rad1 {[%emt 0:00:26] f4 would be deadly.} Rxe7 18. dxe7 Qxe7 19. f4 Ned3 (19... Ned7 $142 20. e5 Nb6) 20. e5 Nxe5 (20... Nb4 21. a3 Nd5 22. Nxd5 cxd5) 21. fxe5 Bxe5 22. Bc4 {[%emt 0:00:08] White took control after the opening.   Weighted Error Value: White=0.19 (very precise) /Black=0.72} 1-0

[Event "CCT Airthings Masters Play-In 2023"]
[Site "Online"]
[Date "2023.02.03"]
[Round "5"]
[White "Vidit, Santosh Gujrathi"]
[Black "Cayse"]
[Result "0-1"]
[ECO "C54"]
[WhiteElo "2730"]
[BlackElo "2582"]
[Annotator "TA"]
[PlyCount "92"]
[EventDate "2023.02.03"]
[EventType "swiss"]
[EventCountry "NET"]
[SourceTitle "playchess.com"]
[Source "ChessBase"]
[SourceQuality "1"]
[TimeControl "600+2"]

1. e4 e5 2. Nf3 Nc6 3. Bc4 Nf6 4. d3 Bc5 5. O-O O-O 6. c3 d5 7. exd5 Nxd5 8. Re1 Bg4 9. h3 {[%emt 0:00:24] 9.Nbd2 is more advanced technology. C54: Giuoco Piano: 4 c3 Nf6, main lines with 5 d4 and 5 d3.} Bh5 10. a4 {[%emt 0:00:10] [#]} Nb6 $5 $146 {[%emt 0:00:46][%mdl 8] New and interesting.} ({Predecessor:} 10... a5 11. Nbd2 Nb6 12. Bb3 Qxd3 13. Nxe5 Qf5 14. Nef3 Rae8 15. g4 Bxg4 16. hxg4 Qxg4+ {½-½ Dominguez Perez,L (2756)-Shankland,S (2709) American Cup-ch 2022 (1.1)}) 11. Bb5 {[%emt 0:00:08] The position is equal.} Nd7 12. b4 Bd6 13. a5 {[%emt 0:00:24] Black must now prevent a6.} a6 14. Bc4 Kh8 15. Nbd2 f5 16. Be6 Qe8 $36 {[%emt 0:01:26][%mdl 2048] Black has some pressure.} (16... Qe7 $5 17. Qb3 Rae8 $11) 17. Qb3 Rf6 18. Bd5 Ne7 19. Bc4 h6 20. Bb2 Ng6 21. g3 Ne7 22. Nh2 (22. Nh4 $11) 22... Qf8 (22... Qg6 $17) 23. Be6 Nb8 {[%emt 0:00:21][%cal Of6e6] ...Rxe6! is the strong threat.} 24. d4 $2 {[%emt 0:00:38][%mdl 8192] [#] This move loses the game for White.} ({White should try} 24. Bc4 $15) 24... Rxe6 $1 $19 25. Qxe6 Bf7 26. dxe5 Bxb4 ({And not} 26... Bxe6 27. exd6 Qf6 28. dxe7 $17) 27. Qxf7 Qxf7 28. e6 $2 (28. cxb4 Nbc6 29. e6) 28... Qg6 $2 (28... Qf6 29. cxb4 Qxb2) 29. cxb4 f4 30. g4 (30. Re4 {keeps fighting.}) 30... Qc2 31. Ra2 Kg8 32. Nhf3 Nbc6 33. Rc1 Qg6 34. Re1 Nxb4 35. Ra4 Nd3 36. Ne5 Qe8 (36... Qxe6 $2 37. Nxd3 Qd7 38. Rd4 $18 (38. Rxf4 Rd8 $16)) 37. Ree4 Nxb2 38. Rab4 Nd1 39. Rxb7 Rd8 40. Nd7 Rxd7 41. exd7 Qxd7 42. Nf3 Nc3 43. Re5 Nc6 44. Re1 Nb5 {[%emt 0:00:02] And now ...Qd3 would win.} 45. Rc1 Kh7 46. Kg2 Qd5 {[%emt 0:00:10] Artfully played by Cayse.   Weighted Error Value: White=0.88/Black=0.27 (precise)} 0-1

[Event "CCT Airthings Masters Play-In 2023"]
[Site "Online"]
[Date "2023.02.03"]
[Round "5"]
[White "Andreikin, Dmitry"]
[Black "NikoTheodorou"]
[Result "1/2-1/2"]
[ECO "E73"]
[WhiteElo "2729"]
[BlackElo "2670"]
[Annotator "TA"]
[PlyCount "48"]
[EventDate "2023.02.03"]
[EventType "swiss"]
[EventCountry "NET"]
[SourceTitle "playchess.com"]
[Source "ChessBase"]
[SourceQuality "1"]
[TimeControl "600+2"]

1. d4 Nf6 2. c4 g6 3. Nc3 Bg7 4. e4 d6 5. Be2 O-O 6. Be3 c5 7. e5 {[%emt 0:00:08] E73: King's Indian: Averbakh Variation without 6...c5.} (7. dxc5 Qa5 $11) (7. d5 $14) 7... dxe5 (7... Ne8 $5 ) 8. dxe5 (8. dxc5 Qa5 9. Qb3 Nc6 $17) 8... Nfd7 9. f4 Nc6 10. Nf3 f6 $1 11. O-O (11. exf6 {simplifies} Nxf6 12. Qxd8 Rxd8 13. Bxc5 Bf5 14. O-O) 11... fxe5 {[%emt 0:01:44] The position is equal.} 12. Qd5+ Kh8 13. Ng5 ({Reject} 13. Bxc5 e4 14. Ne5 Nxc5 15. Qxc5 Qd2 $17) (13. Nxe5 {simplifies} Ndxe5 14. fxe5 Rxf1+ 15. Rxf1 Qc7 16. Qxc5 Qxe5 17. Qxe5 Bxe5 18. Rd1) 13... Qe8 {[%emt 0:00:01] ...h6 would be deadly. Black is weak on the light squares} 14. fxe5 {[%emt 0:00:41] [#]} ({Worse is} 14. Bxc5 Nxc5 15. Qxc5 exf4 $17) 14... Ndxe5 $146 ({Predecessor:} 14... e6 15. Nxe6 Nb6 16. Nxg7 Kxg7 17. Qxc5 Rxf1+ 18. Rxf1 Qe7 19. Qxe7+ Nxe7 20. Bg5 Nf5 {1-0 Klimkowski,J (2305)-Marczuk,D (2292) Infoszach Masters blitz 2020 (1.1)}) 15. Rxf8+ (15. Nb5 $5 Rb8 16. Bxc5 $11 (16. Qxc5 h6 $11)) 15... Qxf8 16. Rf1 Qg8 17. Bxc5 h6 18. Qxg8+ Kxg8 19. Nf3 Be6 20. Nd5 {[%emt 0:00:29] [#] Strongly threatening Nc7.} Rd8 21. Rd1 Kf7 22. Rf1 Kg8 23. Rd1 Kf7 24. Rf1 Kg8 {[%emt 0:00:01] An uneventful encounter.   Weighted Error Value: White=0.07 (flawless) /Black=0.05 (flawless)} 1/2-1/2

[Event "CCT Airthings Masters Play-In 2023"]
[Site "Online"]
[Date "2023.02.03"]
[Round "5"]
[White "Wizard456"]
[Black "Eltaj_Safarli"]
[Result "1/2-1/2"]
[ECO "D78"]
[WhiteElo "2728"]
[BlackElo "2631"]
[Annotator "NA"]
[PlyCount "20"]
[EventDate "2023.02.03"]
[EventType "swiss"]
[EventCountry "NET"]
[SourceTitle "playchess.com"]
[Source "ChessBase"]
[SourceQuality "1"]
[TimeControl "600+2"]

1. d4 Nf6 2. Nf3 g6 3. g3 Bg7 4. Bg2 O-O 5. O-O d5 6. c4 c6 7. Nbd2 a5 8. b3 a4 9. Ba3 Re8 10. e3 Bf5 1/2-1/2

[Event "CCT Airthings Masters Play-In 2023"]
[Site "Online"]
[Date "2023.02.03"]
[Round "5"]
[White "PSvidler"]
[Black "Indianlad"]
[Result "0-1"]
[ECO "C90"]
[WhiteElo "2726"]
[BlackElo "2565"]
[Annotator "TA"]
[PlyCount "35"]
[EventDate "2023.02.03"]
[EventType "swiss"]
[EventCountry "NET"]
[SourceTitle "playchess.com"]
[Source "ChessBase"]
[SourceQuality "1"]
[TimeControl "600+2"]

1. e4 e5 2. Nf3 Nc6 3. Bb5 a6 4. Ba4 Nf6 5. O-O Be7 6. Re1 b5 7. Bb3 O-O 8. d3 d6 9. c3 h6 {[%emt 0:00:09] C90: Closed Ruy Lopez with 7...d6: Early deviations.} 10. a4 {[%emt 0:00:09] axb5 is the strong threat.} Rb8 11. axb5 axb5 {[%emt 0:00:01] White has an edge.} 12. d4 exd4 13. cxd4 Bg4 {[%emt 0:00:22] [#]} 14. Nc3 $146 ({Predecessor:} 14. h3 Bxf3 15. gxf3 d5 16. e5 Nh7 17. f4 Qd7 18. Re3 Nb4 19. Rg3 Ra8 20. Ra3 Na6 21. f5 Ng5 22. f6 gxf6 23. h4 Bxa3 24. bxa3 {1-0 Fogarasi,T (2435)-Horvath,A (2322) Budapest FS07 GM 2006 (2)}) 14... Nb4 15. h3 Bh5 16. g4 Bg6 {[%emt 0:00:02] [#]} 17. e5 ({White should play} 17. Nh4 $1 $16 Kh8 18. Qe2) 17... Nd7 {[%emt 0:00:06] [#]} 18. Qc2 $2 {[%emt 0:02:26][%mdl 8192] Weighted Error Value: White=0.13 (very precise) /Black=0.09 (flawless)} 0-1